| TOP OF THE 1ST |
|
Detroit Red Wings batting - Pitching for Trois-Riveres Aigles : RHP Jason DiNapoli
|
|
Pitching: RHP Jason DiNapoli
|
|
|
Batting: LHB Duda Pinho
|
0-0: Ball 1-0: Ball 2-0: Ball 3-0: Called Strike 3-1: Base on Balls
|
|
Batting: RHB Felipe Torres
|
0-0: Called Strike 0-1: Ball Duda Pinho steals 2nd base 1-1: Foul Ball, location: 2F 1-2: Strikes out looking
|
|
Batting: RHB António Scarlett
|
0-0: Called Strike 0-1: Foul Ball, location: 2F 0-2: Ball 1-2: Ball 2-2: Foul Ball, location: 2F 2-2: Foul Ball, location: 2F 2-2: Ball 3-2: DOUBLE (Flyball, 8LXD, EV 94.4 MPH) Duda Pinho scores
|
|
Batting: SHB Bill Casal
|
0-0: Ball 1-0: Called Strike 1-1: Called Strike 1-2: Ball 2-2: Strikes out swinging
|
|
Batting: RHB Harry Tugnut
|
0-0: Ground out 5-3 (Groundball, 5L, EV 94.4 MPH)
|
| Top of the 1st over - 1 run, 1 hit, 0 errors, 1 left on base; Detroit 1 - Trois-Riveres 0 |
| BOTTOM OF THE 1ST |
|
Trois-Riveres Aigles batting - Pitching for Detroit Red Wings : RHP Nate McLemore
|
|
Pitching: RHP Nate McLemore
|
|
|
Batting: SHB Josif Popovski
|
0-0: Called Strike 0-1: Swinging Strike 0-2: Ball 1-2: Strikes out swinging
|
|
Batting: RHB Micah Logan
|
0-0: Fly out, F9 (Flyball, 9S, EV 93.1 MPH)
|
|
Batting: SHB Derek Weaver
|
0-0: Ball 1-0: Ball 2-0: Called Strike 2-1: Foul Ball, location: 2F 2-2: Fly out, F8 (Flyball, 8LS, EV 83.1 MPH)
|
| Bottom of the 1st over - 0 runs, 0 hits, 0 errors, 0 left on base; Detroit 1 - Trois-Riveres 0 |
| TOP OF THE 2ND |
|
Detroit Red Wings batting - Pitching for Trois-Riveres Aigles : RHP Jason DiNapoli
|
|
Batting: RHB Carlos Avila
|
0-0: Ball 1-0: Ball 2-0: Ball 3-0: Base on Balls
|
|
Batting: RHB Jason LeBlanc
|
0-0: Foul Ball, location: 2F 0-1: Ball 1-1: Foul Ball, location: 2F 1-2: Ball 2-2: Ball 3-2: Base on Balls Carlos Avila to second
|
|
Batting: RHB Mark Massey
|
0-0: Foul Ball, location: 2F 0-1: Foul Ball, location: 2F 0-2: Strikes out looking
|
|
Batting: LHB Manny Rangel
|
0-0: Ball 1-0: Swinging Strike 1-1: Foul Ball, location: 2F 1-2: Strikes out swinging
|
|
Batting: LHB Duda Pinho
|
0-0: Called Strike 0-1: SINGLE (Line Drive, 78S, EV 91.2 MPH) Carlos Avila to third Jason LeBlanc to second Runner from 3rd tries for Home, SAFE, throw by CF to home
|
|
Batting: RHB Felipe Torres
|
0-0: Ball 1-0: Ground out 5-3 (Groundball, 56S, EV 74.4 MPH)
|
| Top of the 2nd over - 1 run, 1 hit, 0 errors, 2 left on base; Detroit 2 - Trois-Riveres 0 |
| BOTTOM OF THE 2ND |
|
Trois-Riveres Aigles batting - Pitching for Detroit Red Wings : RHP Nate McLemore
|
|
Batting: RHB Alistair Holmes
|
0-0: Fly out, F9 (Line Drive, 9S, EV 90.6 MPH)
|
|
Batting: RHB George Connell
|
0-0: Ball 1-0: Ball 2-0: Ball 3-0: Base on Balls
|
|
Batting: RHB Danny Mota
|
0-0: Foul Ball, location: 2F 0-1: Ball 1-1: Ball 2-1: Swinging Strike 2-2: Strikes out swinging
|
|
Batting: SHB Shafeeq bin Haytham
|
0-0: Ball 1-0: Ball 2-0: Called Strike 2-1: Called Strike 2-2: Foul Ball, location: 2F 2-2: Ball 3-2: Strikes out swinging
|
| Bottom of the 2nd over - 0 runs, 0 hits, 0 errors, 1 left on base; Detroit 2 - Trois-Riveres 0 |
| TOP OF THE 3RD |
|
Detroit Red Wings batting - Pitching for Trois-Riveres Aigles : RHP Jason DiNapoli
|
|
Batting: RHB António Scarlett
|
0-0: Ball 1-0: Ball 2-0: Ball 3-0: Called Strike 3-1: Called Strike 3-2: Ground out 5-3 (Groundball, 56, EV 84.4 MPH)
|
|
Batting: SHB Bill Casal
|
0-0: Fly out, F8 (Flyball, 8LM, EV 88.8 MPH)
|
|
Batting: RHB Harry Tugnut
|
0-0: Ball 1-0: Ball 2-0: Foul Ball, location: 2F 2-1: DOUBLE (Line Drive, 7LS, EV 99.4 MPH)
|
|
Batting: RHB Carlos Avila
|
0-0: Fly out, F7 (Flyball, 7LS, EV 81.2 MPH)
|
| Top of the 3rd over - 0 runs, 1 hit, 0 errors, 1 left on base; Detroit 2 - Trois-Riveres 0 |
| BOTTOM OF THE 3RD |
|
Trois-Riveres Aigles batting - Pitching for Detroit Red Wings : RHP Nate McLemore
|
|
Batting: SHB Aaron Ruscigno
|
0-0: Called Strike 0-1: Swinging Strike 0-2: Strikes out swinging
|
|
Batting: LHB Edgar Quinto
|
0-0: Swinging Strike 0-1: Fly out, F7 (Line Drive, 7LM, EV 93.1 MPH)
|
|
Batting: SHB Josif Popovski
|
0-0: Ball 1-0: Called Strike 1-1: Ground out 6-3 (Groundball, 6, EV 93.1 MPH)
|
| Bottom of the 3rd over - 0 runs, 0 hits, 0 errors, 0 left on base; Detroit 2 - Trois-Riveres 0 |
| TOP OF THE 4TH |
|
Detroit Red Wings batting - Pitching for Trois-Riveres Aigles : RHP Jason DiNapoli
|
|
Batting: RHB Jason LeBlanc
|
0-0: Foul Ball, location: 2F 0-1: Fly out, F9 (Flyball, 89S, EV 86.2 MPH)
|
|
Batting: RHB Mark Massey
|
0-0: Ball 1-0: Ball 2-0: Called Strike 2-1: Foul Ball, location: 2F 2-2: Strikes out swinging
|
|
Batting: LHB Manny Rangel
|
0-0: Foul Ball, location: 2F 0-1: Ball 1-1: Ball 2-1: Ground out 6-3 (Groundball, 6, EV 81.2 MPH)
|
| Top of the 4th over - 0 runs, 0 hits, 0 errors, 0 left on base; Detroit 2 - Trois-Riveres 0 |
| BOTTOM OF THE 4TH |
|
Trois-Riveres Aigles batting - Pitching for Detroit Red Wings : RHP Nate McLemore
|
|
Batting: RHB Micah Logan
|
0-0: Called Strike 0-1: Ball 1-1: Ball 2-1: Ball 3-1: Called Strike 3-2: SINGLE (Line Drive, 56, EV 108.8 MPH)
|
|
Batting: SHB Derek Weaver
|
0-0: Called Strike 0-1: Ball 1-1: Called Strike 1-2: Fielders Choice at 2nd, 4-6 (Groundball, 4, EV 106.9 MPH)
|
|
Batting: RHB Alistair Holmes
|
0-0: Ball Derek Weaver is caught stealing 2nd base 2-4 1-0: Foul Ball, location: 2F 1-1: Called Strike 1-2: Ball 2-2: Foul Ball, location: 2F 2-2: SINGLE (Groundball, 4, EV 102.5 MPH)
|
|
Batting: RHB George Connell
|
0-0: SINGLE (Line Drive, 6D, EV 104.4 MPH) Alistair Holmes to second Runner from 2nd tries for 3rd, SAFE, throw by CF made to third
|
|
Batting: RHB Danny Mota
|
0-0: Ground out 6-3 (Groundball, 56, EV 103.1 MPH)
|
| Bottom of the 4th over - 0 runs, 3 hits, 0 errors, 2 left on base; Detroit 2 - Trois-Riveres 0 |
| TOP OF THE 5TH |
|
Detroit Red Wings batting - Pitching for Trois-Riveres Aigles : RHP Jason DiNapoli
|
|
Batting: LHB Duda Pinho
|
0-0: Called Strike 0-1: Ball 1-1: Swinging Strike 1-2: Ball 2-2: Ball 3-2: Foul Ball, location: 2F 3-2: Foul Ball, location: 2F 3-2: Fly out, F8 (Flyball, 8LD, EV 87.5 MPH)
|
|
Batting: RHB Felipe Torres
|
0-0: Ground out 5-3 (Groundball, 15, EV 90.6 MPH)
|
|
Batting: RHB António Scarlett
|
0-0: Called Strike 0-1: SINGLE (Line Drive, 7S, EV 107.5 MPH)
|
|
Batting: SHB Bill Casal
|
0-0: Ball 1-0: Ball 2-0: Ball 3-0: Called Strike 3-1: Base on Balls António Scarlett to second
|
|
Batting: RHB Harry Tugnut
|
0-0: Called Strike 0-1: Swinging Strike 0-2: Strikes out looking
|
| Top of the 5th over - 0 runs, 1 hit, 0 errors, 2 left on base; Detroit 2 - Trois-Riveres 0 |
| BOTTOM OF THE 5TH |
|
Trois-Riveres Aigles batting - Pitching for Detroit Red Wings : RHP Nate McLemore
|
|
Batting: SHB Shafeeq bin Haytham
|
0-0: Ball 1-0: Called Strike 1-1: Foul Ball, location: 2F 1-2: Ground out 4-3 (Groundball, 34D, EV 96.9 MPH)
|
|
Batting: SHB Aaron Ruscigno
|
0-0: Called Strike 0-1: Ball 1-1: Called Strike 1-2: Strikes out swinging
|
|
Batting: LHB Edgar Quinto
|
0-0: Swinging Strike 0-1: Ball 1-1: Called Strike 1-2: Strikes out swinging
|
| Bottom of the 5th over - 0 runs, 0 hits, 0 errors, 0 left on base; Detroit 2 - Trois-Riveres 0 |
| TOP OF THE 6TH |
|
Detroit Red Wings batting - Pitching for Trois-Riveres Aigles : RHP Jason DiNapoli
|
|
Batting: RHB Carlos Avila
|
0-0: Foul Ball, location: 2F 0-1: Ball 1-1: Foul Ball, location: 2F 1-2: Ball 2-2: Ball 3-2: Strikes out swinging
|
|
Batting: RHB Jason LeBlanc
|
0-0: Called Strike 0-1: Ball 1-1: Called Strike 1-2: Ball 2-2: Strikes out swinging
|
|
Batting: RHB Mark Massey
|
0-0: Called Strike 0-1: Swinging Strike 0-2: Ball 1-2: Foul Ball, location: 2F 1-2: Ball 2-2: Foul Ball, location: 2F 2-2: Strikes out swinging
|
| Top of the 6th over - 0 runs, 0 hits, 0 errors, 0 left on base; Detroit 2 - Trois-Riveres 0 |
| BOTTOM OF THE 6TH |
|
Trois-Riveres Aigles batting - Pitching for Detroit Red Wings : RHP Nate McLemore
|
|
Batting: SHB Josif Popovski
|
0-0: Swinging Strike 0-1: Ball 1-1: Foul Ball, location: 2F 1-2: Ground out 4-3 (Groundball, 4S, EV 61.2 MPH)
|
|
Batting: RHB Micah Logan
|
0-0: Ground out 4-3 (Groundball, 4, EV 105.0 MPH)
|
|
Batting: SHB Derek Weaver
|
0-0: Ball 1-0: Called Strike 1-1: Ground out 5-3 (Groundball, 6, EV 80.6 MPH)
|
| Bottom of the 6th over - 0 runs, 0 hits, 0 errors, 0 left on base; Detroit 2 - Trois-Riveres 0 |
| TOP OF THE 7TH |
|
Detroit Red Wings batting - Pitching for Trois-Riveres Aigles : RHP Jason DiNapoli
|
|
Batting: LHB Manny Rangel
|
0-0: Ball 1-0: Foul Ball, location: 2F 1-1: Ground out U3 (Groundball, 34S, EV 81.2 MPH)
|
|
Batting: LHB Duda Pinho
|
0-0: Foul Ball, location: 2F 0-1: Ball 1-1: Ball 2-1: Foul Ball, location: 2F 2-2: Ball 3-2: Foul Ball, location: 2F 3-2: Base on Balls
|
|
Pitching: LHP Alex Rivera
|
|
|
Batting: RHB Felipe Torres
|
0-0: Ball 1-0: Ball Duda Pinho is caught stealing 2nd base 2-4 2-0: Called Strike 2-1: Ground out U3 (Groundball, 34, EV 78.8 MPH)
|
| Top of the 7th over - 0 runs, 0 hits, 0 errors, 0 left on base; Detroit 2 - Trois-Riveres 0 |
| BOTTOM OF THE 7TH |
|
Trois-Riveres Aigles batting - Pitching for Detroit Red Wings : RHP Nate McLemore
|
|
Batting: RHB Alistair Holmes
|
0-0: Called Strike 0-1: Fly out, F9 (Flyball, 89M, EV 86.2 MPH)
|
|
Batting: RHB George Connell
|
0-0: Ball 1-0: Ground out 6-3 (Groundball, 56, EV 81.9 MPH)
|
|
Batting: RHB Danny Mota
|
0-0: Fly out, F6 (Line Drive, 56D, EV 73.8 MPH)
|
| Bottom of the 7th over - 0 runs, 0 hits, 0 errors, 0 left on base; Detroit 2 - Trois-Riveres 0 |
| TOP OF THE 8TH |
|
Detroit Red Wings batting - Pitching for Trois-Riveres Aigles : LHP Alex Rivera
|
|
Batting: RHB António Scarlett
|
0-0: Ball 1-0: Swinging Strike 1-1: Ball 2-1: Foul Ball, location: 2F 2-2: Ground out 5-3 (Groundball, 56S, EV 74.4 MPH)
|
|
Batting: SHB Bill Casal
|
0-0: Swinging Strike 0-1: Swinging Strike 0-2: Ball 1-2: Foul Ball, location: 2F 1-2: Ball 2-2: Foul Ball, location: 2F 2-2: Foul Ball, location: 2F 2-2: Ball 3-2: Strikes out swinging
|
|
Batting: RHB Harry Tugnut
|
0-0: Swinging Strike 0-1: Swinging Strike 0-2: Ball 1-2: Strikes out swinging
|
| Top of the 8th over - 0 runs, 0 hits, 0 errors, 0 left on base; Detroit 2 - Trois-Riveres 0 |
| BOTTOM OF THE 8TH |
|
Trois-Riveres Aigles batting - Pitching for Detroit Red Wings : RHP Nate McLemore
|
|
Batting: SHB Shafeeq bin Haytham
|
0-0: Called Strike 0-1: Ball 1-1: Ball 2-1: Ball 3-1: Base on Balls
|
|
Pinch Hitting: RHB John Garland
|
0-0: Ball 1-0: Ball 2-0: Ball 3-0: Base on Balls Shafeeq bin Haytham to second
|
|
Batting: LHB Edgar Quinto
|
0-0: Swinging Strike 0-1: Bunted foul 0-2: Ball 1-2: Ball 2-2: Foul Ball, location: 2F 2-2: Fielders Choice at 2nd, 6-4 (Groundball, 6, EV 76.9 MPH) Shafeeq bin Haytham to third
|
|
Batting: SHB Josif Popovski
|
0-0: Grounds into double play, 5-4-3 (Groundball, 56S, EV 86.9 MPH)
|
| Bottom of the 8th over - 0 runs, 0 hits, 0 errors, 1 left on base; Detroit 2 - Trois-Riveres 0 |
| TOP OF THE 9TH |
|
Detroit Red Wings batting - Pitching for Trois-Riveres Aigles : LHP Alex Rivera
|
|
Now in RF: Cory Nuss
|
|
|
Batting: RHB Carlos Avila
|
0-0: Ball 1-0: Swinging Strike 1-1: Foul Ball, location: 2F 1-2: Ball 2-2: Ball 3-2: SINGLE (Line Drive, 9S, EV 97.5 MPH)
|
|
Batting: RHB Jason LeBlanc
|
0-0: Ball 1-0: SINGLE (Line Drive, 4D, EV 107.5 MPH) Carlos Avila to second
|
|
Pinch Hitting: LHB David Kyle
|
0-0: Ball 1-0: Ball 2-0: Called Strike 2-1: Swinging Strike 2-2: Foul Ball, location: 2F 2-2: Fly out, F7 (Line Drive, 7S, EV 98.8 MPH)
|
|
Batting: LHB Jose Peralez
|
0-0: SINGLE (Groundball, 5D, EV 105.6 MPH) Carlos Avila to third Jason LeBlanc to second
|
|
Batting: LHB Duda Pinho
|
0-0: Ball 1-0: Swinging Strike 1-1: Foul Ball, location: 2F 1-2: GRAND SLAM HOME RUN (Flyball, 9LD, EV 94.4 MPH), Distance : 355 ft
|
|
Pitching: RHP Corey Adkins
|
|
|
Batting: RHB Felipe Torres
|
0-0: SOLO HOME RUN (Flyball, 7D, EV 96.9 MPH), Distance : 394 ft
|
|
Batting: RHB António Scarlett
|
0-0: Ball 1-0: Called Strike 1-1: Fly out, F8 (Flyball, 8LS, EV 96.2 MPH)
|
|
Batting: SHB Bill Casal
|
0-0: Ball 1-0: Fly out, F7 (Line Drive, 7, EV 92.5 MPH)
|
| Top of the 9th over - 5 runs, 5 hits, 0 errors, 0 left on base; Detroit 7 - Trois-Riveres 0 |
| BOTTOM OF THE 9TH |
|
Trois-Riveres Aigles batting - Pitching for Detroit Red Wings : RHP Nate McLemore
|
|
Now at 3B: Roderick Speed
|
|
|
Batting: RHB Micah Logan
|
0-0: Called Strike 0-1: Swinging Strike 0-2: Ball 1-2: Foul Ball, location: 2F 1-2: Strikes out swinging
|
|
Batting: SHB Derek Weaver
|
0-0: Called Strike 0-1: Ball 1-1: Fly out, F3 (Popup, 3F, EV 67.5 MPH)
|
|
Batting: RHB Alistair Holmes
|
0-0: Ball 1-0: Ball 2-0: Called Strike 2-1: Ball 3-1: Fly out, F6 (Flyball, 6MD, EV 85.0 MPH)
|
| Bottom of the 9th over - 0 runs, 0 hits, 0 errors, 0 left on base; Detroit 7 - Trois-Riveres 0 |
|